 Dungeon Crawl Stone Soup version 0.31.0-12-g77e489cdc1 (webtiles) character file.

Game seed: 2986760184421295220

132 Metae the Trooper (level 4, 0/41 HPs)
             Began as a Minotaur Fighter on Feb 20, 2024.
             Succumbed to Sigmund's poison
             ... on level 3 of the Dungeon.
             The game lasted 00:04:07 (1459 turns).

Metae the Trooper (Minotaur Fighter)                Turns: 1459, Time: 00:04:07

Health: 0/41       AC:  8    Str: 23    XL:     4   Next: 92%
Magic:  3/3        EV: 11    Int:  5    God:
Gold:   141        SH:  0    Dex:  9    Spells: 3/3 levels left

rFire   . . .        p - +1 short sword (drain)
rCold   . . .        c - +0 buckler
rNeg    + . .        m - +1 ring mail of Suonis {rN+}
rPois   .            (helmet restricted)
rElec   .            (no cloak)
rCorr   .            j - +0 pair of gloves
SInv    .            (no boots)
Will    .....        (no amulet) Stlth
                     (no ring)
HPRegen 0.26/turn    (no ring)
MPRegen 0.08/turn

%: no passive effects
@: confused, lethally poisoned (0 -> -5)
A: horns 2, retaliatory headbutt
a: no special abilities


You were on level 3 of the Dungeon.
You visited 1 branch of the dungeon, and saw 3 of its levels.

You collected 141 gold pieces.

Inventory:

Hand Weapons
 a - a +0 trident
 p - a +1 short sword of draining (weapon)
Missiles
 e - 19 poisoned darts (quivered)
Armour
 c - a +0 buckler (worn)
 j - a +0 pair of gloves (worn)
 m - the +1 ring mail of Suonis (worn) {rN+}
   (You found it on level 2 of the Dungeon)

   rN+:       It protects you from negative energy.
Jewellery
 i - a ring of ice
Scrolls
 h - 3 scrolls of fear {unknown}
 k - 2 scrolls of identify {unknown}
 n - 2 scrolls of poison {unknown}
 o - a scroll of blinking {unknown}
Potions
 d - a potion of might
 f - 2 potions of experience {unknown}
 g - 2 potions of curing {unknown}
 l - a potion of lignification {unknown}


   Skills:
 + Level 4.4 Fighting
 + Level 0.0 Short Blades
 - Level 3.4 Polearms
 + Level 4.4 Armour
 + Level 2.1 Dodging
 + Level 4.4 Shields


You had 3 spell levels left.
You didn't know any spells.
Your spell library contained the following spells:

 Spells                   Type           Power      Damage    Failure   Level
 Magic Dart               Conj           0%         1d3       69%         1
 Searing Ray              Conj           0%         2d4       83%         2
 Frozen Ramparts          Ice            0%         1d1       96%         3
 Inner Flame              Hex/Fire       0%         N/A       96%         3
 Fulminant Prism          Conj/Alch      0%         3d5       100%        4
 Leda's Liquefaction      Alch/Erth      0%         N/A       100%        4
 Petrify                  Alch/Erth      0%         N/A       100%        4
 Irradiate                Conj/Alch      0%         3d11      100%        5
 Metabolic Englaciation   Hex/Ice        0%         N/A       100%        5
 Ignition                 Fire           0%         3d3       100%        8


Dungeon Overview and Level Annotations

Branches:
Dungeon (3/15)

Altars:

Annotations:
D:3 Sigmund


Innate Abilities, Weirdness & Mutations

You have a pair of horns on your head.
You reflexively headbutt those who attack you in melee.


Message History

The ribbon worm is lightly wounded.
Something hits you. The ribbon worm bites you.
You barely miss the ribbon worm. You headbutt the ribbon worm.
The ribbon worm is heavily wounded.
You block the ribbon worm's attack. You block something's attack.
You barely miss the ribbon worm. You headbutt the ribbon worm!
You kill the ribbon worm!
No target in view!
No target in view!
No target in view!
No target in view!
No target in view!
A magic dart appears from out of thin air!
The magic dart hits you.
No target in view!
No target in view!
No target in view!
Something hits you.
You are poisoned.
You hit something but do no damage.
You feel sick. Something hits you.
You are more poisoned.
You closely miss something.
You feel very sick.
You hit something but do no damage.
You feel very sick. Something barely misses you.
You hit something but do no damage.
You feel sick. Something hits you.
You are more poisoned.
You miss something.
You feel very sick.
You barely miss something. Your headbutt misses something.
You feel very sick. Something hits you!
* * * LOW HITPOINT WARNING * * *
You miss something.
* * * LOW HITPOINT WARNING * * *
You feel sick.
You hear some strange, mumbled words.
You are confused.
You die...

#### # ..# #. ##.#
###### #.####..# #....#
#.......# ####....#
######.....###.......#
#.....{.@.....'.......+
........##.####..†....#
................##....#
.#.........####..#....#
#.######### ##...####
#. ###..#### . ##)...#
####'## #......


There were no monsters in sight!

Vanquished Creatures
  Jessica (D:3)
  Terence (D:3)
  4 ribbon worms
  2 dart slugs (D:1)
  5 ball pythons
  4 endoplasms
  2 giant cockroaches
  3 goblins
  6 hobgoblins
  6 jackals
  7 kobolds
  6 quokkas
  5 bats
  3 frilled lizards
  6 rats
61 creatures vanquished.

Notes
Turn   | Place    | Note
-------+----------+-------------------------------------------
     0 | D:1      | Metae the Minotaur Fighter began the quest for the Orb.
     0 | D:1      | Reached XP level 1. HP: 19/19 MP: 0/0
   163 | D:1      | Reached XP level 2. HP: 26/27 MP: 1/1
   346 | D:1      | Found a faded altar of an unknown god.
   363 | D:1      | Reached skill level 1 in Dodging
   427 | D:1      | Reached XP level 3. HP: 33/33 MP: 2/2
   746 | D:2      | You fall into a shaft and drop 1 floor!
   777 | D:3      | Noticed Jessica
   783 | D:3      | Killed Jessica
   784 | D:3      | Reached XP level 4. HP: 40/40 MP: 3/3
   917 | D:2      | Identified the +1 ring mail of Suonis {rN+}
  1254 | D:3      | Noticed Terence
  1263 | D:3      | Killed Terence
  1443 | D:3      | Noticed Sigmund
  1457 | D:3      | HP: 2/41 [something (8)]
  1459 | D:3      | Succumbed to Sigmund's poison

Illustrated notes

Levels and vault maps discovered:
D:1:      eino_arrival_druids_welcome, layout_loops_ring,
          hellmonk_ecumenical_altar_defaced_shrine
D:2:      layout_rooms
D:3:      layout_basic, uniq_terence, uniq_sigmund, uniq_jessica

Skill      XL: |  1  2  3  4 |
---------------+-------------+-----
Dodging        | 1 2 |  2.1
Armour         | 4 |  4.4
Fighting       | 4 |  4.4
Shields        | 4 |  4.4
Polearms       | 3 |  3.4

Action                     |  1- 3 |  4- 6 || total
---------------------------+-------+-------++-------
  Melee: Trident           |    94 |    68 ||   162
         Headbutt          |    10 |    10 ||    20
         Short sword       |       |    11 ||    11
 Armour: Scale mail        |    52 |    11 ||    63
         Ring mail         |       |    34 ||    34
  Dodge: Dodged            |    38 |    22 ||    60
  Block: Buckler           |    17 |    21 ||    38
